 Dungeon Crawl Stone Soup version 0.18-a0-705-g580043c (webtiles) character file.

55 Duffy the Ruffian (level 3, -2/31 HPs)
             Began as a Minotaur Fighter on Dec 7, 2015.
             Slain by a gnoll (3 damage)
             ... on level 2 of the Dungeon.
             The game lasted 00:00:50 (1171 turns).

Duffy the Ruffian (Minotaur Fighter)                Turns: 1171, Time: 00:00:50

Health: -2/31      AC:  6    Str: 21    XL:     3   Next: 67%
Magic:  2/2        EV:  9    Int:  5    God:
Gold:   29         SH:  0    Dex:  9    Spells: 0 memorised, 2 levels left

rFire  . . .     SeeInvis .       - Unarmed
rCold  . . .     Clarity  .     a - +0 scale mail
rNeg   . . .     SustAt   .     (no shield)
rPois  .         Gourm    .     (helmet restricted)
rElec  .         Spirit   .     (no cloak)
rCorr  .         Dismiss  .     (no gloves)
rMut   .         Stasis   .     (no boots)
MR     .....                    (no amulet)
Stlth  ..........               (no ring)
                                (no ring)

@: lethally poisoned (-2 -> -12), not resistant to hostile enchantments,
extremely unstealthy
A: retaliatory headbutt, horns 2
a: no special abilities


You were on level 2 of the Dungeon.
You were not hungry.

You visited 1 branch of the dungeon, and saw 2 of its levels.

You collected 29 gold pieces.


Innate Abilities, Weirdness & Mutations

You reflexively headbutt those who attack you in melee.
You have a pair of horns on your head.


   Skills:
 - Level 3.6 Fighting
 - Level 3.6 Armour
 - Level 3.6 Shields
 + Level 4.5 Unarmed Combat


You had 2 spell levels left.
You didn't know any spells.

Inventory:

Armour
 a - a +0 scale mail (worn)
 b - a +0 shield
Scrolls
 e - a scroll of identify {unknown}
 g - 2 scrolls of remove curse {unknown}
Potions
 c - a potion of might
Comestibles
 d - a bread ration
 f - 2 slices of pizza

Dungeon Overview and Level Annotations

Branches:
Dungeon (2/15)

Altars:


Message History

You are too injured to fight recklessly!
You are too injured to fight recklessly!
You are too injured to fight recklessly!
You are too injured to fight recklessly!
You hit the gnoll. Your headbutt misses the gnoll. You punch the gnoll.
The gnoll is heavily wounded.
You feel sick. The gnoll hits you but does no damage.
The giant gecko closely misses you. You furiously retaliate!
You headbutt the giant gecko. You hit the gnoll.
The gnoll is almost dead.
You feel sick. The gnoll hits you with a spear.
The giant gecko barely misses you.
You barely miss the gnoll. Your headbutt misses the gnoll.
The gnoll is almost dead.
You feel sick. The giant gecko bites you. The gnoll barely misses you.
You hit the gnoll.
You kill the gnoll!
You feel sick. The giant gecko closely misses you. You furiously retaliate!
You headbutt the giant gecko!
You kill the giant gecko!
The gnoll throws a throwing net.
The throwing net completely misses you.
You feel sick. The gnoll closely misses you.
Things that are here:
a spear; a scroll labeled VUIZ ANUTUOTH You closely miss the gnoll.
Your punch misses the gnoll.
You feel sick. The gnoll closely misses you. You furiously retaliate!
You headbutt the gnoll. You hit the gnoll.
The gnoll is moderately wounded.
The gnoll closely misses you.
You barely miss the gnoll.
You headbutt the gnoll, but do no damage.
The gnoll is moderately wounded.
You feel sick. The gnoll hits you.
You die...

. .. ####### ##########
##.# ..$.... #........###
#.. ....... ##.#.###....#
#.#
#..#...###..#.####...###.##
.....................%.....
.....###.##########.##...##
....(....)@g.............#
.....###.##########.##...#
## #.# #.##..## ... #.##..#
##.. #.###.# #.. #.# #>##
#..# #.# #..# #. #.# #.##
.... #.# #.#


You could see a gnoll.

Action                   || total
-------------------------++-------
Melee: Unarmed           ||    71
  Eat: Chunk             ||     1

Notes
Turn   | Place    | Note
--------------------------------------------------------------
     0 | D:1      | Duffy the Minotaur Fighter began the quest for the Orb.
     0 | D:1      | Reached XP level 1. HP: 19/19 MP: 0/0
   341 | D:1      | Reached skill level 3 in Unarmed Combat
   341 | D:1      | Reached XP level 2. HP: 23/26 MP: 1/1
   790 | D:1      | Reached XP level 3. HP: 29/31 MP: 2/2
   992 | D:1      | Reached skill level 4 in Unarmed Combat
  1171 | D:2      | Slain by a gnoll

Vault maps used:
D:1:      scummos_arrival_forest, grunt_decor_clamped, minmay_vboxes
D:2:      minmay_door_path, minmay_misc_feat_cross, uniq_iyjb

Vanquished Creatures
  3 gnolls
  A giant gecko
  2 giant cockroaches
  2 hobgoblins
  8 bats
  A giant newt
  5 goblins
  5 kobolds
  3 rats
30 creatures vanquished.
